AoeStats
← Hoyall

Arabia

510074715Analyzed
1v1 RM · 2d ago on Sep 29, 2026· 21m 18s· 2 players
Game mode
Random Map
Map size
Tiny (2 player)
Population
200
Speed
Normal
Resources
Standard
Victory
Conquest
Starting age
Dark Age
Ending age
Imperial Age
RankedLock teamsTeams togetherTeam positionsShared explorationLock speedFull tech treeHidden civsTurbo modeCheats
Victory
Defeat
🇻🇳 Mongols · Vietnam
1761
+13
🇧🇷 Persians · Brazil
1690
-13
Hoyall
6:31 Loom
9:12 Feudal Age
9:47 Double-Bit Axe
11:22 Horse Collar
18:05 Scale Barding Armor
VNS_MZ
5:47 Loom
7:58 Feudal Age
8:31 Double-Bit Axe
19:36 Wheelbarrow
21:02 Castle Age
19:16 Fletching
20:44 Gold Mining
21:09 Crossbowman
21:44 Bodkin Arrow
Connection lost

Rejoining the realm…

Still unreachable

The connection could not be restored.

Session expired

The server has moved on; the page needs a fresh start.